 Dungeon Crawl Stone Soup version 0.20.1-1-g8b1a95d (webtiles) character file.

1028 arttle the Basher (level 8, -3/65 HPs)
             Began as a Minotaur Berserker on Nov 1, 2017.
             Was an Elder of Trog.
             Slain by an orc warrior
             ... wielding a +0 dire flail
              (14 damage)
             ... on level 6 of the Dungeon.
             The game lasted 00:21:45 (5116 turns).

arttle the Basher (Minotaur Berserker)              Turns: 5116, Time: 00:21:48

Health: -3/65      AC:  8    Str: 22    XL:     8   Next: 3%
Magic:  7/7        EV:  8    Int:  4    God:    Trog [****..]
Gold:   279        SH:  7    Dex: 12    Spells: 7/7 levels left

rFire    . . .     SeeInvis .   e - +2 dagger (protect)
rCold    . . .     Gourm    .   n - +0 shield
rNeg     . . .     Faith    .   j - +0 ring mail
rPois    .         Spirit   .   (helmet restricted)
rElec    .         Reflect  .   (no cloak)
rCorr    .         Harm     .   u - +1 pair of gloves
MR       +....                  (no boots)
Stlth    ..........             (no amulet)
Regen    0.2/turn               (no ring)
MPRegen  0.1/turn               (no ring)

@: berserk cooldown, slowed, very slow
A: retaliatory headbutt, hooves 1, horns 2, rugged brown scales 1, magic
resistance 1, screaming 1
a: Berserk, Trog's Hand, Brothers in Arms, Burn Spellbooks, Renounce Religion


You were on level 6 of the Dungeon.
You worshipped Trog.
Trog was greatly pleased with you.
You were very hungry.

You visited 1 branch of the dungeon, and saw 6 of its levels.

You collected 279 gold pieces.

Inventory:

Hand Weapons
 a - a +0 mace
 e - a +2 dagger of protection (weapon)
 y - a +0 mace
Armour
 b - a +0 animal skin
 j - a +0 ring mail (worn)
 n - a +0 shield (worn)
 t - a +0 pair of gloves
 u - a +1 pair of gloves (worn)
Scrolls
 d - 4 scrolls of remove curse
 f - a scroll of teleportation
 h - a scroll of enchant armour
 i - a scroll of fear {unknown}
 p - a scroll of blinking {unknown}
 r - a scroll of identify
Potions
 k - 2 potions of haste {unknown}
 l - 2 potions of heal wounds
 m - a potion of flight
 o - a potion of lignification {unknown}
 s - 2 potions of degeneration
 w - a potion of agility
 x - 2 potions of curing {unknown}
 A - a potion of brilliance {unknown}
Books
 q - a book of Cantrips

   Spells                             Type                      Level
   a - Confusing Touch                Hexes                        1
   b - Animate Skeleton               Necromancy                   1
   c - Summon Small Mammal            Summoning                    1
   d - Apportation                    Translocation                1
   Trog disapproves of the use of such an item.
Comestibles
 c - 5 bread rations
 g - 4 meat rations
 v - 3 fruits
 z - 2 royal jellies
 B - 6 chunks of flesh


   Skills:
 - Level 3.6 Fighting
 + Level 11.5 Maces & Flails
 - Level 2.4 Armour
 - Level 2.1 Dodging


You had 7 spell levels left.
You didn't know any spells.

Dungeon Overview and Level Annotations

Branches:
Dungeon (6/15)
 Temple: D:4-7

Altars:
Fedhas
Gozag
Makhleb
Uskayaw
Yredelemnul


Innate Abilities, Weirdness & Mutations

You reflexively headbutt those who attack you in melee.
You have a pair of horns on your head.
You have large cloven feet.
You are partially covered in rugged brown scales. (AC +1, +3% HP)
You are resistant to hostile enchantments. (MR+)
You occasionally shout uncontrollably at your foes.


Message History

The orc wizard gestures wildly while chanting.
The orc wizard blinks!
The orc warrior closely misses you. You block the orc warrior's attack.
You closely miss the orc warrior.
You kick the orc warrior, but do no damage.
You headbutt the orc warrior, but do no damage.
The orc warrior is almost dead.
The orc wizard is no longer moving quickly.
The orc warrior closely misses you.
You barely miss the orc warrior. You kick the orc warrior.
The orc warrior is almost dead.
The orc warrior hits you with a dire flail.
* * * LOW HITPOINT WARNING * * *
You closely miss the orc warrior.
You kick the orc warrior, but do no damage.
The orc warrior is almost dead.
The orc warrior hits you with a dire flail!
* * * LOW HITPOINT WARNING * * *
The orc warrior hits you with a dire flail!
You die...

###### .. ..... #..
. #.. .... #.##.
#..### ... #..)
#..... .. #..#
#.....## .# #..#
#...#..####)# #..#
#.#....ooo@.#
#####..#
#.....)######
##......#
##...#.....#
#..####.#
#.#.....#.# ##.##
#.# #
#####...####..# #.#
#.#......## #รท##
#.........#####..###
##.###.##...........
#.# #.....#........


You could see an orc warrior and 2 orc wizards.

Vanquished Creatures
  Sigmund (D:6)
  A centaur (D:5)
  The ghost of letownia2 the Grave Robber, an amateur DDNe (D:4)
  2 bullfrogs (D:5)
  A hound (D:3)
  A centaur skeleton (D:5)
  An orc priest (D:6)
  A bullfrog skeleton (D:4)
  3 orc wizards
  3 worker ants
  An iguana (D:4)
  Terence (D:3)
  12 adders
  A shadow imp (D:5)
  3 worms
  A dart slug (D:3)
  5 leopard geckos
  14 orcs
  4 ball pythons
  17 bats
  4 giant cockroaches
  10 goblins
  7 hobgoblins
  13 jackals
  2 quokkas
  2 frilled lizards
  19 kobolds
  6 rats
137 creatures vanquished.

Notes
Turn   | Place    | Note
-------+----------+-------------------------------------------
     0 | D:1      | arttle the Minotaur Berserker began the quest for the Orb.
     0 | D:1      | Reached XP level 1. HP: 19/19 MP: 0/0
    84 | D:1      | Reached skill level 4 in Maces & Flails
   244 | D:1      | Reached XP level 2. HP: 26/26 MP: 1/1
   832 | D:1      | Reached skill level 5 in Maces & Flails
   851 | D:1      | Reached ** piety under Trog
   890 | D:1      | Reached XP level 3. HP: 31/31 MP: 2/2
  1458 | D:2      | Reached skill level 6 in Maces & Flails
  1458 | D:2      | Reached XP level 4. HP: 39/39 MP: 3/3
  1881 | D:2      | Reached *** piety under Trog
  2181 | D:2      | Found a basalt altar of Yredelemnul.
  2310 | D:3      | Reached skill level 7 in Maces & Flails
  2310 | D:3      | Reached XP level 5. HP: 36/45 MP: 4/4
  2526 | D:3      | Found a faded altar of an unknown god.
  2700 | D:3      | Found an opulent altar of Gozag.
  2863 | D:3      | Reached skill level 8 in Maces & Flails
  3128 | D:3      | Noticed Terence
  3132 | D:3      | Killed Terence
  3132 | D:3      | Reached XP level 6. HP: 51/51 MP: 5/5
  3674 | D:4      | Gained mutation: You occasionally shout uncontrollably at your foes. [potion of mutation]
  3674 | D:4      | Gained mutation: You have large cloven feet. [potion of mutation]
  3674 | D:4      | Gained mutation: You are partially covered in rugged brown scales. (AC +1, +3% HP) [potion of mutation]
  3674 | D:4      | Gained mutation: You are resistant to hostile enchantments. (MR+) [potion of mutation]
  3840 | D:4      | Noticed letownia2's ghost (amateur DDNe)
  3846 | D:4      | Killed letownia2's ghost
  3846 | D:4      | Reached skill level 9 in Maces & Flails
  3870 | D:4      | Reached **** piety under Trog
  3988 | D:4      | Found a hide-covered altar of Uskayaw.
  4248 | D:4      | Found a burning altar of Makhleb.
  4248 | D:4      | Noticed a green death
  4254 | D:4      | Reached XP level 7. HP: 48/58 MP: 6/6
  4387 | D:5      | Entered Level 5 of the Dungeon
  4529 | D:5      | Reached skill level 10 in Maces & Flails
  4612 | D:5      | Found a blossoming altar of Fedhas.
  4955 | D:6      | Noticed Sigmund
  4964 | D:6      | Killed Sigmund
  4964 | D:6      | Reached skill level 11 in Maces & Flails
  5103 | D:6      | Reached XP level 8. HP: 65/65 MP: 7/7
  5116 | D:6      | Slain by an orc warrior

Skill      XL: |  1  2  3  4  5  6  7 |
---------------+----------------------+-----
Maces & Flails | 4 5 6 7 8 9 11 | 11.5
Fighting       | |  3.6
Armour         | |  2.4
Dodging        | |  2.1

Action                   |  1- 3 |  4- 6 |  7- 9 || total
-------------------------+-------+-------+-------++-------
Melee: Mace              |    13 |       |       ||    13
       Headbutt          |    17 |    33 |    25 ||    75
       Dagger            |    81 |   221 |    96 ||   398
       Kick              |       |    17 |    27 ||    44
Invok: Berserk           |       |     2 |     2 ||     4
  Use: Scroll            |       |    11 |       ||    11
       Potion            |       |     2 |       ||     2
 Stab: Invisible         |       |     1 |       ||     1
  Eat: Chunk             |     2 |    10 |     4 ||    16
Armor: Animal skin       |    11 |       |       ||    11
       Ring mail         |    17 |   104 |    39 ||   160
Dodge: Dodged            |    45 |    63 |    26 ||   134
Block: Shield            |     7 |    66 |    36 ||   109
